Cogmind - Beta 12 X1 @@@ ROGUE MODE // 2022.08.01 @ 16:46:06 Player: btmk16 Result: Escaped! Performance ------------- Evolutions (9) 4500 Regions Visited (24) 4800 Robots Destroyed (0) 0 Value Destroyed (40) 40 Prototype IDs (23) 460 Alien Tech Used (0) 0 Bonus (24888) 24888 TOTAL SCORE: 34688 Bonus ------- Pacifist 11321 Follower Combat Kills 6767 Entered DSFs 500 Met Imprinter 300 Met Warlord at Base 500 MAIN.C Attacked Warlord 500 Met Warlord at Research 2000 Win 3000 Cogmind --------- Core Integrity 403/1600 Matter 242/300 Energy 39/100 System Corruption 23% Temperature Cool (0) Movement Core (50) Location To Epsilon Eridani Parts ------- > --- POWER (2) -------- (None) > --- PROPULSION (6) --- (None) > --- UTILITY (15) ----- (None) > --- WEAPON (2) ------- (None) > --- INVENTORY (5) ---- Biometal Leg Peak State ------------ > --- POWER ------------ Vortex Chain Reactor > --- PROPULSION ------- Enhanced Biometal Leg Enhanced Biometal Leg Enhanced Biometal Leg Centrium Leg Centrium Leg Centrium Leg > --- UTILITY ---------- High-capacity Storage Unit Improved Terrain Scanner Advanced Phase Shifter Layered Heavy Armor Plating Remote Force Field Point Defense System Wardrone Bay > --- WEAPON ----------- Force Lance Plasma Lance > --- INVENTORY -------- Myomer Leg Biometal Leg Biometal Leg Biometal Leg Biometal Leg Enhanced Biometal Leg Centrium Leg Improved Linear Gravjet Improved Linear Gravjet Improved Linear Gravjet Improved Linear Gravjet Cooled Antigrav System Experimental Gyrokinetic Inverter Combat Linear Gravjet Advanced Heat Sink Advanced Field Recycling Unit Bomb Factory No. 2 Vortex Lance Dirty Bomb Trap [Rating: 244] Favorites ----------- Power Vortex Chain Reactor Engine Deuterium Engine Power Core Reinforced Fission Core Reactor Vortex Chain Reactor Propulsion Enhanced Biometal Leg Leg Enhanced Biometal Leg Wheel Compact Wheel Hover Unit Combat Airjet Flight Unit Cesium-ion Thruster Utility Wardrone Bay Device Wardrone Bay Storage High-capacity Storage Unit Processor Advanced Visual Processing Unit Hackware Hacking Suite Protection Improved Heavy Armor Plating Weapon Plasma Lance Energy Gun EM Pulse Gun Ballistic Gun Light Assault Rifle Ballistic Cannon Mini Assault Cannon Special Weapon RU-N14's Throwing Claymores v3 Slashing Weapon Makeshift Axe Piercing Weapon Plasma Lance Build | -11 -10 -10 -10 -9 -8 -7 -7 -6 -6 -6 -6 -5 -5 -4 -4 -4 -4 -4 -4 -3 -3 -3 -2 -1 ------- Run | Scr Mat Min Exi Min Mat Fac DSF Fac Low Low Zio Pro Fac Fac Was Fac Upp Upp War Pro Res Tes Res Acc Slots Evolved 18 | . . . . . 4 2 . 2 . . . . 2 2 . . . . . . 2 . 2 2 Power 1 | . . . . . 1 . . . . . . . . . . . . . . . . . . . Propulsion 4 | . . . . . 3 1 . . . . . . . . . . . . . . . . . . Utility 13 | . . . . . . 1 . 2 . . . . 2 2 . . . . . . 2 . 2 2 Weapon . | . . . . . . . . . . . . . . . . . . . . . . . . . Parts Attached 123 | . 4 2 1 . 7 . 7 10 1 3 . 3 5 4 1 . 1 . 25 2 3 4 20 20 Power 7 | . . 1 . . . . 1 1 . 1 . . . . . . . . 3 . . . . . Engine 4 | . . 1 . . . . 1 1 . 1 . . . . . . . . . . . . . . Core 1 | . . . . . . . . . . . . . . . . . . . 1 . . . . . Reactor 2 | . . . . . . . . . . . . . . . . . . . 2 . . . . . Propulsion 62 | . 2 . . . 5 . 6 1 . 1 . 3 2 . 1 . . . 16 . 2 2 10 11 Treads . | . . . . . . . . . . . . . . . . . . . . . . . . . Leg 27 | . . . . . . . . . . . . . . . . . . . 9 . 2 2 9 5 Wheel 2 | . 2 . . . . . . . . . . . . . . . . . . . . . . . Hover 17 | . . . . . . . 6 . . . . . . . 1 . . . 3 . . . 1 6 Flight 16 | . . . . . 5 . . 1 . 1 . 3 2 . . . . . 4 . . . . . Utility 35 | . 2 . 1 . 1 . . 5 . . . . 3 4 . . . . 2 . 1 . 8 8 Device 23 | . 2 . . . 1 . . 1 . . . . 1 3 . . . . 2 . 1 . 6 6 Storage 2 | . . . 1 . . . . . . . . . . . . . . . . . . . 1 . Processor 4 | . . . . . . . . 2 . . . . 1 1 . . . . . . . . . . Hackware 3 | . . . . . . . . 2 . . . . 1 . . . . . . . . . . . Protection 3 | . . . . . . . . . . . . . . . . . . . . . . . 1 2 Artifact . | . . . . . . . . . . . . . . . . . . . . . . . . . Weapon 19 | . . 1 . . 1 . . 3 1 1 . . . . . . 1 . 4 2 . 2 2 1 Energy Gun . | . . . . . . . . . . . . . . . . . . . . . . . . . Energy Cannon . | . . . . . . . . . . . . . . . . . . . . . . . . . Ballistic Gun 2 | . . 1 . . . . . . . . . . . . . . . . . . . . 1 . Ballistic Cannon 1 | . . . . . . . . 1 . . . . . . . . . . . . . . . . Launcher . | . . . . . . . . . . . . . . . . . . . . . . . . . Special Weapon 2 | . . . . . . . . . . . . . . . . . . . 1 . . 1 . . Impact Weapon . | . . . . . . . . . . . . . . . . . . . . . . . . . Slashing Weapon 4 | . . . . . 1 . . 1 1 . . . . . . . 1 . . . . . . . Piercing Weapon 10 | . . . . . . . . 1 . 1 . . . . . . . . 3 2 . 1 1 1 Special Melee Weapon . | . . . . . . . . . . . . . . . . . . . . . . . . . Unidentified Prototypes 15 | . . . . . . . . 1 . . . . 1 2 . . . . 8 . . 1 2 . Parts Lost 26 | . 2 . . . 1 . 3 . . . . 1 1 . . . . . . . . . 1 17 Power 2 | . 1 . . . . . . . . . . . . . . . . . . . . . . 1 Propulsion 12 | . . . . . . . 3 . . . . 1 1 . . . . . . . . . . 7 Utility 9 | . . . . . 1 . . . . . . . . . . . . . . . . . 1 7 Weapon 3 | . 1 . . . . . . . . . . . . . . . . . . . . . . 2 Highest Loss Streak 12 | . 2 . . . 1 . 3 . . . . 1 1 . . . . . . . . . 1 12 To Critical Strikes . | . . . . . . . . . . . . . . . . . . . . . . . . . Average Slot Usage (%) 69 | . 96 98 100 100 81 . 58 76 80 82 86 85 82 80 86 89 94 94 61 56 57 57 57 59 Engine 3 | . 14 14 14 14 9 . 2 1 . 2 6 6 5 5 5 5 5 5 4 . . . . . Reactor 2 | . . . . . . . . . . . . . . . . . . . 2 5 4 4 4 3 Leg 15 | . 2 . . . . . . . . . . . . . . . . . 14 31 28 28 26 22 Wheel 3 | . 25 28 28 28 . . . . . . . . . . . . . . . . . . . . Hover 4 | . . . . . . . 20 36 33 28 26 19 5 . 2 5 5 5 2 . . . . . Flight 5 | . . . . . 40 . 13 2 6 10 13 19 23 26 26 26 26 26 14 . . . . . Device 13 | . 10 14 14 14 12 . 7 7 6 6 6 6 11 15 21 21 21 21 10 10 14 14 12 17 Storage 3 | . 14 14 14 14 . . . . . . . . . . . . . . . . . . 3 3 Processor 2 | . . . . . . . . 6 13 13 13 13 17 17 15 15 15 15 . . . . . . Hackware 2 | . . . . . . . . 6 13 13 13 13 11 10 10 10 10 10 . . . . . . Protection 1 | . . . . . . . . . . . . . . . . . . . . . . . 3 2 Ballistic Gun 3 | . 14 26 28 28 9 . 7 6 . . . . . . . . . . . . . . . . Piercing Weapon 6 | . . . . . . . . . . 2 6 6 5 5 5 5 5 5 8 9 9 9 6 7 Naked Turns 2 | . . . . . . . . . . . . . . . . . . . . . . . . 2 Heaviest Build 177 | 13 14 15 30 30 11 10 19 15 6 12 12 12 13 16 16 16 19 19 93 93 123 123 177 168 Greatest Support 180 | 20 26 26 26 26 21 21 72 72 6 14 14 29 35 30 30 30 30 30 153 153 160 160 178 180 Greatest Overweight (x) 13 | . . . 1 1 . . . . . . . . . . . . . . 13 . . . 1 1 Average Overweight (x) . | . . . . 1 . . . . . . . . . . . . . . . . . . . . Largest Inventory Capacity 20 | . 8 8 15 15 15 5 5 5 5 5 5 5 5 5 5 5 5 5 5 5 5 5 20 20 Average Capacity 10 | . 8 8 10 15 5 5 5 5 5 5 5 5 5 5 5 5 5 5 5 5 5 5 17 18 Most Carried 20 | . 8 8 9 13 13 5 5 5 5 5 5 5 5 5 5 5 5 5 5 5 5 5 20 20 Average Carried 9 | . 7 7 8 9 4 5 4 4 4 4 4 5 3 4 5 5 5 5 5 5 4 5 15 18 Final Capacity 20 | 8 8 8 15 15 5 5 5 5 5 5 5 5 5 5 5 5 5 5 5 5 5 5 20 5 Final Carried 20 | 6 8 8 9 13 5 5 5 5 5 5 5 5 5 5 5 5 5 5 5 5 5 5 20 1 Class Distribution -------------------- 42% | Scavenger-Mutant 34% | Mutant 12% | Hacker-Scout 5% | Hacker-Ninja Dominant Class ---------------- Mutant | -10/Materials Mutant | -10/Mines Mutant | -10/Exiles Commander-Mutant | -9/Mines Scavenger-Sprinter | -8/Materials Scavenger-Sprinter | -7/Factory Scavenger-Sprinter | -7/DSF Mutant | -6/Factory Hacker-Scout | -6/Lower Caves Hacker-Scout | -6/Lower Caves Hacker-Scout | -6/Zion Hacker-Scout | -5/Proximity Caves Hacker-Scout | -5/Factory Hacker-Scout | -4/Factory Hacker-Scout | -4/Waste Hacker-Ninja | -4/Factory Hacker-Ninja | -4/Upper Caves Hacker-Ninja | -4/Upper Caves Scavenger-Mutant | -4/Warlord Scavenger-Mutant | -3/Proximity Caves Scavenger-Mutant | -3/Research Scavenger-Mutant | -3/Testing Scavenger-Mutant | -2/Research Mutant | -1/Access Resources | -11 -10 -10 -10 -9 -8 -7 -7 -6 -6 -6 -6 -5 -5 -4 -4 -4 -4 -4 -4 -3 -3 -3 -2 -1 ----------- Run | Scr Mat Min Exi Min Mat Fac DSF Fac Low Low Zio Pro Fac Fac Was Fac Upp Upp War Pro Res Tes Res Acc Matter Collected 1465 | 180 . 60 24 24 . . 113 . 36 111 . . . . . . 12 42 326 20 86 40 172 219 Remotely 60 | . . . . . . . . . . . . . . . . . . . . . . . 60 . Salvage Created . | . . . . . . . . . . . . . . . . . . . . . . . . . Parts . | . . . . . . . . . . . . . . . . . . . . . . . . . Haulers Intercepted . | . . . . . . . . . . . . . . . . . . . . . . . . . Recyclers Shooed . | . . . . . . . . . . . . . . . . . . . . . . . . . Parts Field Recycled . | . . . . . . . . . . . . . . . . . . . . . . . . . Retrieved Matter . | . . . . . . . . . . . . . . . . . . . . . . . . . Parts Self-Destructed 31 | . . . . . . . . . 1 2 . . . . . . . . . 28 . . . . Prevented 3 | . . . . . . . . . 1 2 . . . . . . . . . . . . . . Kills | -11 -10 -10 -10 -9 -8 -7 -7 -6 -6 -6 -6 -5 -5 -4 -4 -4 -4 -4 -4 -3 -3 -3 -2 -1 ------- Run | Scr Mat Min Exi Min Mat Fac DSF Fac Low Low Zio Pro Fac Fac Was Fac Upp Upp War Pro Res Tes Res Acc Combat Hostiles Destroyed . | . . . . . . . . . . . . . . . . . . . . . . . . . Classes Destroyed . | . . . . . . . . . . . . . . . . . . . . . . . . . Best Kill Streak . | . . . . . . . . . . . . . . . . . . . . . . . . . Combat Bots Only . | . . . . . . . . . . . . . . . . . . . . . . . . . Max Kills in Single Turn . | . . . . . . . . . . . . . . . . . . . . . . . . . Gunslinging . | . . . . . . . . . . . . . . . . . . . . . . . . . Exploded . | . . . . . . . . . . . . . . . . . . . . . . . . . Melee . | . . . . . . . . . . . . . . . . . . . . . . . . . Uniques/NPCs Destroyed . | . . . . . . . . . . . . . . . . . . . . . . . . . Combat | -11 -10 -10 -10 -9 -8 -7 -7 -6 -6 -6 -6 -5 -5 -4 -4 -4 -4 -4 -4 -3 -3 -3 -2 -1 -------- Run | Scr Mat Min Exi Min Mat Fac DSF Fac Low Low Zio Pro Fac Fac Was Fac Upp Upp War Pro Res Tes Res Acc Damage Taken 8514 | . 215 . . 122 28 . 205 . . 97 . 57 47 . . . 120 . 32 174 335 624 742 5716 Core 1538 | . 53 . . 42 1 . 70 . . 19 . 17 24 . . . 28 . . 16 25 12 34 1197 Absorbed by Shields 126 | . . . . . . . . . . . . . . . . . . . . . . . . 126 Regen/Repaired (Parts) 70 | . . . . . . . . . . . . . . . . . . . 70 . . . . . Core Remaining (%) 85 | 100 . . . 62 99 . 90 . . . . 95 97 . . . . . . 96 . 97 97 25 Volleys Fired 2 | . . 1 . . . . . . . . . . . . . . . . . . . 1 . . Largest 2 | . . 2 . . . . . . . . . . . . . . . . . . . 1 . . Hottest 43 | . . 43 . . . . . . . . . . . . . . . . . . . 10 . . Shots Fired 3 | . . 2 . . . . . . . . . . . . . . . . . . . 1 . . Gun 2 | . . 2 . . . . . . . . . . . . . . . . . . . . . . Cannon . | . . . . . . . . . . . . . . . . . . . . . . . . . Launcher . | . . . . . . . . . . . . . . . . . . . . . . . . . Special 1 | . . . . . . . . . . . . . . . . . . . . . . 1 . . Kinetic 2 | . . 2 . . . . . . . . . . . . . . . . . . . . . . Thermal . | . . . . . . . . . . . . . . . . . . . . . . . . . Explosive . | . . . . . . . . . . . . . . . . . . . . . . . . . Electromagnetic . | . . . . . . . . . . . . . . . . . . . . . . . . . Robot Hit Streak 1 | . . . . . . . . . . . . . . . . . . . . . . 1 . . Robot Miss Streak . | . . . . . . . . . . . . . . . . . . . . . . . . . Penetration Max . | . . . . . . . . . . . . . . . . . . . . . . . . . Secondary Targets . | . . . . . . . . . . . . . . . . . . . . . . . . . Shots Hit Robots 3 | . . . . . . . . . . . . . . . . . . . . . . 1 . 2 Core Hits 1 | . . . . . . . . . . . . . . . . . . . . . . . . 1 Critical Kills . | . . . . . . . . . . . . . . . . . . . . . . . . . Critical Parts Destroyed . | . . . . . . . . . . . . . . . . . . . . . . . . . Critical Strikes . | . . . . . . . . . . . . . . . . . . . . . . . . . Melee Attacks 50 | . . . . . . . . . . . 1 . 1 . . . 1 . 1 1 3 2 . 40 Impact . | . . . . . . . . . . . . . . . . . . . . . . . . . Slashing 1 | . . . . . . . . . . . . . . . . . 1 . . . . . . . Piercing 48 | . . . . . . . . . . . 1 . 1 . . . . . . 1 3 2 . 40 Entropic 1 | . . . . . . . . . . . . . . . . . . . 1 . . . . . Sneak Attacks . | . . . . . . . . . . . . . . . . . . . . . . . . . Combat Hostiles . | . . . . . . . . . . . . . . . . . . . . . . . . . Follow-up Attacks . | . . . . . . . . . . . . . . . . . . . . . . . . . Damage Inflicted 99 | . . . . . . . . . . . . . . . . . . . . . . . . 99 Guns . | . . . . . . . . . . . . . . . . . . . . . . . . . Cannons . | . . . . . . . . . . . . . . . . . . . . . . . . . Explosions . | . . . . . . . . . . . . . . . . . . . . . . . . . Melee 77 | . . . . . . . . . . . . . . . . . . . . . . . . 77 Ramming 22 | . . . . . . . . . . . . . . . . . . . . . . . . 22 Kinetic . | . . . . . . . . . . . . . . . . . . . . . . . . . Thermal . | . . . . . . . . . . . . . . . . . . . . . . . . . Explosive . | . . . . . . . . . . . . . . . . . . . . . . . . . Electromagnetic . | . . . . . . . . . . . . . . . . . . . . . . . . . Impact . | . . . . . . . . . . . . . . . . . . . . . . . . . Slashing . | . . . . . . . . . . . . . . . . . . . . . . . . . Piercing 77 | . . . . . . . . . . . . . . . . . . . . . . . . 77 Highest Corruption 23 | . . . . . . . . . . . . . . . . . . . . . 1 1 . 23 Average Corruption 4 | . . . . . . . . . . . . . . . . . . . . . 1 1 . 4 Corruption Purged . | . . . . . . . . . . . . . . . . . . . . . . . . . Corruption Blocked 28 | . . . . . . . . . . . . . . . . . . . . . . . 28 . Effects 47 | . . . . . . . . . . . . . . . . . . . . . 1 2 . 44 Message Errors 11 | . . . . . . . . . . . . . . . . . . . . . 1 . . 10 Matter Fused 12 | . . . . . . . . . . . . . . . . . . . . . . 1 . 11 Heat Flow Errors 6 | . . . . . . . . . . . . . . . . . . . . . . . . 6 Energy Discharges 8 | . . . . . . . . . . . . . . . . . . . . . . . . 8 Parts Rejected 1 | . . . . . . . . . . . . . . . . . . . . . . . . 1 Data Loss (minor) 7 | . . . . . . . . . . . . . . . . . . . . . . 1 . 6 Alerts 1 | . . . . . . . . . . . . . . . . . . . . . . . . 1 Misdirections 1 | . . . . . . . . . . . . . . . . . . . . . . . . 1 Overload Shots . | . . . . . . . . . . . . . . . . . . . . . . . . . Overflow Damage . | . . . . . . . . . . . . . . . . . . . . . . . . . Projectiles . | . . . . . . . . . . . . . . . . . . . . . . . . . Explosions . | . . . . . . . . . . . . . . . . . . . . . . . . . Melee . | . . . . . . . . . . . . . . . . . . . . . . . . . Knockbacks . | . . . . . . . . . . . . . . . . . . . . . . . . . Impact . | . . . . . . . . . . . . . . . . . . . . . . . . . Kinetic . | . . . . . . . . . . . . . . . . . . . . . . . . . Secondary . | . . . . . . . . . . . . . . . . . . . . . . . . . Self-Inflicted Damage . | . . . . . . . . . . . . . . . . . . . . . . . . . Shots . | . . . . . . . . . . . . . . . . . . . . . . . . . Rammed . | . . . . . . . . . . . . . . . . . . . . . . . . . Targets Rammed 1 | . . . . . . . . . . . . . . . . . . . . . . . . 1 Kicked 1 | . . . . . . . . . . . . . . . . . . . . . . . . 1 Crushed . | . . . . . . . . . . . . . . . . . . . . . . . . . Highest Temperature 386 | . 7 2 . . . . . . . . . 1 4 . . . 18 . . . 13 16 . 386 Average Temperature 117 | . 7 1 . . . . . . . . . 1 4 . . . 13 . . . 13 14 . 129 Received Heat Transfer 807 | . 141 . . . . . 9 . . 63 . 9 18 . . . 36 . . 18 58 103 45 307 Siege Activations . | . . . . . . . . . . . . . . . . . . . . . . . . . Robots Corrupted . | . . . . . . . . . . . . . . . . . . . . . . . . . Combat Hostiles . | . . . . . . . . . . . . . . . . . . . . . . . . . Parts Fried . | . . . . . . . . . . . . . . . . . . . . . . . . . Impact Corruptions . | . . . . . . . . . . . . . . . . . . . . . . . . . Robots Melted . | . . . . . . . . . . . . . . . . . . . . . . . . . Combat Hostiles . | . . . . . . . . . . . . . . . . . . . . . . . . . Parts Melted . | . . . . . . . . . . . . . . . . . . . . . . . . . Heat Transferred . | . . . . . . . . . . . . . . . . . . . . . . . . . Parts Sabotaged . | . . . . . . . . . . . . . . . . . . . . . . . . . Parts Stolen . | . . . . . . . . . . . . . . . . . . . . . . . . . Parts Stripped . | . . . . . . . . . . . . . . . . . . . . . . . . . Power Chain Reactions . | . . . . . . . . . . . . . . . . . . . . . . . . . Missiles Intercepted . | . . . . . . . . . . . . . . . . . . . . . . . . . Alert | -11 -10 -10 -10 -9 -8 -7 -7 -6 -6 -6 -6 -5 -5 -4 -4 -4 -4 -4 -4 -3 -3 -3 -2 -1 ------- Run | Scr Mat Min Exi Min Mat Fac DSF Fac Low Low Zio Pro Fac Fac Was Fac Upp Upp War Pro Res Tes Res Acc Peak Influence 1560 | . 57 74 . 154 74 21 21 60 . . . . 64 25 38 41 . . . . 338 518 530 1560 Initial 317 | . . 14 . . 59 21 14 . . . . . 2 25 8 26 . . . . . 189 291 317 Average 498 | . 26 37 . 52 56 21 4 26 . . . . 26 25 17 32 . . . . 150 358 362 1033 Maximum Alert Level 4 | . . . . . . . . . . . . . . . . . . . . . 1 2 2 4 Low Security (%) 33 | . 100 100 . 100 100 100 100 100 . . . . 100 100 100 100 . . . . 67 20 . . Level 1 23 | . . . . . . . . . . . . . . . . . . . . . 32 53 60 8 Level 2 16 | . . . . . . . . . . . . . . . . . . . . . . 26 40 17 Level 3 7 | . . . . . . . . . . . . . . . . . . . . . . . . 21 Level 4 18 | . . . . . . . . . . . . . . . . . . . . . . . . 52 Level 5 . | . . . . . . . . . . . . . . . . . . . . . . . . . High Security . | . . . . . . . . . . . . . . . . . . . . . . . . . Max Security . | . . . . . . . . . . . . . . . . . . . . . . . . . Squads Dispatched 32 | . 1 . . . 1 . 2 . . 1 . 1 1 . . 1 . . . . 2 6 1 15 Investigation 1 | . . . . . . . . . . . . . 1 . . . . . . . . . . . Extermination 7 | . . . . . . . . . . . . . . . . . . . . . 2 1 . 4 Reinforcement 10 | . 1 . . . 1 . 2 . . . . . . . . 1 . . . . . 2 1 2 Assault 8 | . . . . . . . . . . 1 . 1 . . . . . . . . . . . 6 Garrison 6 | . . . . . . . . . . . . . . . . . . . . . . 3 . 3 Intercept . | . . . . . . . . . . . . . . . . . . . . . . . . . Searches Triggered . | . . . . . . . . . . . . . . . . . . . . . . . . . Construction Impeded . | . . . . . . . . . . . . . . . . . . . . . . . . . Haulers Reinforced 2 | . . . . . . . . . . . . . . . . . . . . . . . 1 1 Active Scanning Responses . | . . . . . . . . . . . . . . . . . . . . . . . . . Cargo Convoy Interrupts . | . . . . . . . . . . . . . . . . . . . . . . . . . Stealth | -11 -10 -10 -10 -9 -8 -7 -7 -6 -6 -6 -6 -5 -5 -4 -4 -4 -4 -4 -4 -3 -3 -3 -2 -1 --------- Run | Scr Mat Min Exi Min Mat Fac DSF Fac Low Low Zio Pro Fac Fac Was Fac Upp Upp War Pro Res Tes Res Acc Distress Signals 17 | . 1 . . . . . . . . . . . . . . . . . . . 1 2 6 7 Communications Jammed . | . . . . . . . . . . . . . . . . . . . . . . . . . Distress Signals . | . . . . . . . . . . . . . . . . . . . . . . . . . Times Spotted 304 | . 10 4 . 3 . . 6 5 . 17 . 14 4 . 2 2 2 3 48 6 26 14 40 98 Peak Tracking Total 13 | . 8 2 . 3 . . 5 3 . 8 . 12 3 . 2 2 2 3 12 2 6 8 9 13 Tactical Retreats 29 | . 1 1 . . . . . . . 6 . 1 2 . . . . 1 3 . 2 1 5 6 Traps | -11 -10 -10 -10 -9 -8 -7 -7 -6 -6 -6 -6 -5 -5 -4 -4 -4 -4 -4 -4 -3 -3 -3 -2 -1 ------- Run | Scr Mat Min Exi Min Mat Fac DSF Fac Low Low Zio Pro Fac Fac Was Fac Upp Upp War Pro Res Tes Res Acc Traps Triggered 9 | . . . . . 1 . 1 . . . . . . 1 . . . . . . 2 3 . 1 Indirectly . | . . . . . . . . . . . . . . . . . . . . . . . . . Trap Hack Attempts . | . . . . . . . . . . . . . . . . . . . . . . . . . Triggered . | . . . . . . . . . . . . . . . . . . . . . . . . . Disarmed . | . . . . . . . . . . . . . . . . . . . . . . . . . Reprogrammed . | . . . . . . . . . . . . . . . . . . . . . . . . . Reused . | . . . . . . . . . . . . . . . . . . . . . . . . . Traps Extracted . | . . . . . . . . . . . . . . . . . . . . . . . . . Installed . | . . . . . . . . . . . . . . . . . . . . . . . . . Triggered 14 | . . . . . . . . . . 4 . . . . . . . . 10 . . . . . Fabricated Traps 1 | . . . . . . . . . . . . . . . . . . . . . 1 . . . Most Traps Carried 1 | . . . . . . . . . . . . . . . . . . . . . 1 1 1 1 Machines | -11 -10 -10 -10 -9 -8 -7 -7 -6 -6 -6 -6 -5 -5 -4 -4 -4 -4 -4 -4 -3 -3 -3 -2 -1 ---------- Run | Scr Mat Min Exi Min Mat Fac DSF Fac Low Low Zio Pro Fac Fac Was Fac Upp Upp War Pro Res Tes Res Acc Machines Disabled 5 | . . . . . . . . . . . . . . . . . 1 . . . . 1 . 3 Max in Single Turn 1 | . . . . . . . . . . . . . . . . . 1 . . . . 1 . 1 Garrison Access 1 | . . . . . . . . . . . . . . 1 . . . . . . . . . . Energy Cycler 1 | . . . . . . . . . . . . . . . . . . . . . . . . 1 Machines Sabotaged . | . . . . . . . . . . . . . . . . . . . . . . . . . Garrisons Compromised . | . . . . . . . . . . . . . . . . . . . . . . . . . Overloaded Fab Kills . | . . . . . . . . . . . . . . . . . . . . . . . . . Hacking | -11 -10 -10 -10 -9 -8 -7 -7 -6 -6 -6 -6 -5 -5 -4 -4 -4 -4 -4 -4 -3 -3 -3 -2 -1 --------- Run | Scr Mat Min Exi Min Mat Fac DSF Fac Low Low Zio Pro Fac Fac Was Fac Upp Upp War Pro Res Tes Res Acc Machines Accessed 17 | . 2 . . . 3 1 . . . 1 . . 1 1 . . 1 . 1 . 1 1 . 4 Terminals 7 | . 2 . . . 2 1 . . . . . . . . . . . . . . . . . 2 Fabricators 2 | . . . . . . . . . . . . . . . . . . . . . 1 . . 1 Repair Stations . | . . . . . . . . . . . . . . . . . . . . . . . . . Recycling Units 1 | . . . . . 1 . . . . . . . . . . . . . . . . . . . Scanalyzers . | . . . . . . . . . . . . . . . . . . . . . . . . . Garrison Access 4 | . . . . . . . . . . . . . 1 1 . . . . . . . 1 . 1 Total Hacks 25 | . 2 . . . 8 1 . . . 1 . . 2 1 . . 1 . 1 . 1 1 . 6 Successful 9 | . 2 . . . 1 1 . . . 1 . . . 1 . . 1 . 1 . 1 . . . Failed 16 | . . . . . 7 . . . . . . . 2 . . . . . . . . 1 . 6 Catastrophic 4 | . . . . . 2 . . . . . . . 1 . . . . . . . . . . 1 Database Lockouts . | . . . . . . . . . . . . . . . . . . . . . . . . . Manual 9 | . 1 . 1 . 4 . . . . . . . . . . . . . . . . . . 3 Terminals 12 | . 2 . . . 6 1 . . . . . . . . . . . . . . . . . 3 Fabricators 3 | . . . . . . . . . . . . . . . . . . . . . 1 . . 2 Repair Stations . | . . . . . . . . . . . . . . . . . . . . . . . . . Recycling Units 2 | . . . . . 2 . . . . . . . . . . . . . . . . . . . Scanalyzers . | . . . . . . . . . . . . . . . . . . . . . . . . . Garrison Access 5 | . . . . . . . . . . . . . 2 1 . . . . . . . 1 . 1 Terminal Hacks 6 | . 2 . . . . 1 . . . 1 . . . . . . 1 . 1 . . . . . Part Schematic 1 | . 1 . . . . . . . . . . . . . . . . . . . . . . . Open Door 3 | . . . . . . . . . . 1 . . . . . . 1 . 1 . . . . . Open DSF 1 | . . . . . . 1 . . . . . . . . . . . . . . . . . . Zone Layout 1 | . 1 . . . . . . . . . . . . . . . . . . . . . . . Fabricator Hacks 1 | . . . . . . . . . . . . . . . . . . . . . 1 . . . Network Status 1 | . . . . . . . . . . . . . . . . . . . . . 1 . . . Repair Station Hacks . | . . . . . . . . . . . . . . . . . . . . . . . . . Recycling Unit Hacks 1 | . . . . . 1 . . . . . . . . . . . . . . . . . . . Retrieve Components 1 | . . . . . 1 . . . . . . . . . . . . . . . . . . . Scanalyzer . | . . . . . . . . . . . . . . . . . . . . . . . . . Garrison Access Hacks 1 | . . . . . . . . . . . . . . 1 . . . . . . . . . . Seal Access 1 | . . . . . . . . . . . . . . 1 . . . . . . . . . . Unauthorized Hacks . | . . . . . . . . . . . . . . . . . . . . . . . . . Terminals . | . . . . . . . . . . . . . . . . . . . . . . . . . Fabricators . | . . . . . . . . . . . . . . . . . . . . . . . . . Repair Stations . | . . . . . . . . . . . . . . . . . . . . . . . . . Recycling Units . | . . . . . . . . . . . . . . . . . . . . . . . . . Scanalyzers . | . . . . . . . . . . . . . . . . . . . . . . . . . Garrison Access . | . . . . . . . . . . . . . . . . . . . . . . . . . Data Cores Recovered . | . . . . . . . . . . . . . . . . . . . . . . . . . Used . | . . . . . . . . . . . . . . . . . . . . . . . . . Hacking Detections 12 | . 1 . . . 3 1 . . . . . . 1 . . . . . . . 1 1 . 4 Full Trace Events 1 | . . . . . . . . . . . . . 1 . . . . . . . . . . . Feedback Events . | . . . . . . . . . . . . . . . . . . . . . . . . . Feedback Blocked . | . . . . . . . . . . . . . . . . . . . . . . . . . Robot Schematics Acquired 4 | . . . . . . . . . . . 4 . . . . . . . . . . . . . Robots Built . | . . . . . . . . . . . . . . . . . . . . . . . . . Authchips . | . . . . . . . . . . . . . . . . . . . . . . . . . Time . | . . . . . . . . . . . . . . . . . . . . . . . . . Total Robot Build Rating . | . . . . . . . . . . . . . . . . . . . . . . . . . Part Schematics Acquired 16 | . 1 . . . . . . . . . 15 . . . . . . . . . . . . . Parts Built . | . . . . . . . . . . . . . . . . . . . . . . . . . Authchips . | . . . . . . . . . . . . . . . . . . . . . . . . . Time . | . . . . . . . . . . . . . . . . . . . . . . . . . Total Part Build Rating . | . . . . . . . . . . . . . . . . . . . . . . . . . Parts Repaired . | . . . . . . . . . . . . . . . . . . . . . . . . . Time . | . . . . . . . . . . . . . . . . . . . . . . . . . Parts Recycled . | . . . . . . . . . . . . . . . . . . . . . . . . . Recycled Matter . | . . . . . . . . . . . . . . . . . . . . . . . . . Retrieved Matter . | . . . . . . . . . . . . . . . . . . . . . . . . . Retrieved Components 2 | . . . . . 2 . . . . . . . . . . . . . . . . . . . Parts Scanalyzed . | . . . . . . . . . . . . . . . . . . . . . . . . . Part Schematics Acquired . | . . . . . . . . . . . . . . . . . . . . . . . . . Parts Damaged . | . . . . . . . . . . . . . . . . . . . . . . . . . Bothacking | -11 -10 -10 -10 -9 -8 -7 -7 -6 -6 -6 -6 -5 -5 -4 -4 -4 -4 -4 -4 -3 -3 -3 -2 -1 ------------ Run | Scr Mat Min Exi Min Mat Fac DSF Fac Low Low Zio Pro Fac Fac Was Fac Upp Upp War Pro Res Tes Res Acc Used RIF Installer . | . . . . . . . . . . . . . . . . . . . . . . . . . Robots Hacked 1 | . . . . . . . . . . . . . . . . . . . . . . 1 . . Non-combat . | . . . . . . . . . . . . . . . . . . . . . . . . . Combat 1 | . . . . . . . . . . . . . . . . . . . . . . 1 . . Robot Hacks Applied 1 | . . . . . . . . . . . . . . . . . . . . . . 1 . . parse_system 1 | . . . . . . . . . . . . . . . . . . . . . . 1 . . Relay Couplers Released . | . . . . . . . . . . . . . . . . . . . . . . . . . Fabnet Peak Effective % . | . . . . . . . . . . . . . . . . . . . . . . . . . Robots Rewired 4 | . . . 4 . . . . . . . . . . . . . . . . . . . . . Allies Hacked . | . . . . . . . . . . . . . . . . . . . . . . . . . Hacks Repelled . | . . . . . . . . . . . . . . . . . . . . . . . . . Allies | -11 -10 -10 -10 -9 -8 -7 -7 -6 -6 -6 -6 -5 -5 -4 -4 -4 -4 -4 -4 -3 -3 -3 -2 -1 -------- Run | Scr Mat Min Exi Min Mat Fac DSF Fac Low Low Zio Pro Fac Fac Was Fac Upp Upp War Pro Res Tes Res Acc Total Allies 12 | . . . 4 1 . . . . . . 6 . . . 1 . . . . . . . . . Largest Group 6 | . . . 4 5 4 2 2 . . . 6 6 . . 1 . . . . . . . . . Highest-Rated Group 129 | . . . 58 89 81 29 29 . . . 129 129 . . 46 . . . . . . . . . Highest-Rated Ally 46 | . . . 21 31 31 21 21 . . . 31 31 . . 46 . . . . . . . . . Total Orders 70 | . . . . . . . . . . . . . . 1 . 3 . . 1 4 11 4 13 33 STAY 2 | . . . . . . . . . . . . . . . . . . . . . 1 . . 1 EXPLORE 2 | . . . . . . . . . . . . . . . . . . . . . . . . 2 RETURN 66 | . . . . . . . . . . . . . . 1 . 3 . . 1 4 10 4 13 30 Ally Attacks 297 | . . . . 19 2 . 11 . . . . 23 . . 5 . . . 1 9 33 30 52 112 Total Damage 29208 | . . . . 215 22 . 252 . . . . 361 . . 124 . . . 246 986 3687 3806 5436 14073 Kills 131 | . . . . 8 1 . 1 . . . . 2 . . . . . . 3 6 17 11 21 61 Allies Corrupted 1 | . . . . . . . . . . . . . . . . . . . . . . . . 1 Allies Melted 2 | . . . . . . . . . . . . . . . . . . . 1 . . . . 1 Intel | -11 -10 -10 -10 -9 -8 -7 -7 -6 -6 -6 -6 -5 -5 -4 -4 -4 -4 -4 -4 -3 -3 -3 -2 -1 ------- Run | Scr Mat Min Exi Min Mat Fac DSF Fac Low Low Zio Pro Fac Fac Was Fac Upp Upp War Pro Res Tes Res Acc Robot Analysis Total . | . . . . . . . . . . . . . . . . . . . . . . . . . Derelict Logs Recovered 5 | . . . . 1 . . . . . . . 3 . . . . . 1 . . . . . . Drone Launches 70 | . . . . . . . . . . . . . . 1 . 3 . . 1 4 11 4 13 33 Drone Recoveries 69 | . . . . . . . . . . . . . . 1 . 3 . . 1 4 11 4 12 33 Decoded 0b10 Intel 5 | . . . . . . . . . . . . . 2 1 . 2 . . . . . . . . Traps 4 | . . . . . . . . . . . . . 2 . . 2 . . . . . . . . Garrisons 1 | . . . . . . . . . . . . . . 1 . . . . . . . . . . Exploration | -11 -10 -10 -10 -9 -8 -7 -7 -6 -6 -6 -6 -5 -5 -4 -4 -4 -4 -4 -4 -3 -3 -3 -2 -1 ------------- Run | Scr Mat Min Exi Min Mat Fac DSF Fac Low Low Zio Pro Fac Fac Was Fac Upp Upp War Pro Res Tes Res Acc Turns Passed 9014 | . 135 329 477 153 169 1 80 227 135 187 564 112 126 48 25 101 152 74 1146 490 712 278 1235 2058 Spaces Moved 9487 | 1 136 308 459 111 267 3 115 397 327 366 1016 252 279 121 82 276 306 233 681 416 530 222 996 1587 Core 74 | . . . . . . . 21 47 . . . . . . . . . . . . . . . 6 Treads . | . . . . . . . . . . . . . . . . . . . . . . . . . Legs 3735 | 1 12 . . . . . . . . . . . . . . . . . 192 416 530 222 996 1366 Wheels 1002 | . 124 308 459 111 . . . . . . . . . . . . . . . . . . . . Hover 375 | . . . . . . . 18 141 . . . . . . . . . . 1 . . . . 215 Flight 4301 | . . . . . 267 3 76 209 327 366 1016 252 279 121 82 276 306 233 488 . . . . . Fastest Speed 21 | 120 90 90 90 105 27 27 27 40 40 40 44 27 24 28 28 28 28 28 24 108 108 113 108 21 Average Speed 75 | 120 92 90 94 105 30 27 41 49 40 42 44 36 26 28 28 28 28 28 107 108 111 113 111 96 Slowest Speed 1075 | 120 120 90 105 105 31 27 80 76 40 44 44 44 28 28 28 28 28 28 1075 108 113 113 183 110 Overloaded Moves 10 | . . . . . . . . . . . . . . . . . . . . . . . . 10 Propulsion Burnouts . | . . . . . . . . . . . . . . . . . . . . . . . . . Robots Hopped 10 | . . . . . 2 . . . . . . 1 . . . 5 1 1 . . . . . . Cave-ins Triggered . | . . . . . . . . . . . . . . . . . . . . . . . . . Exploration Rate (%) 44 | 2 33 47 91 31 23 . 89 12 56 57 88 55 8 3 75 8 54 49 79 56 18 32 41 50 Regions Visited 24 Branch Regions 12 Pre-discovered Areas 3 | . . . . . . . . . . . 2 1 . . . . . . . . . . . . Known Exits Taken 14 | . . . . . 1 1 . 1 1 1 1 1 1 . . 1 1 1 . 1 1 1 . . Unknown Exits Taken 7 | 1 1 1 1 1 . . . . . . . . . . . . . . 1 . . . 1 . Scrap Searched 13 | . . . . . . . . . 2 3 4 . . . . . 1 1 . 2 . . . . Spaces Dug 13 | . . . . . . . . . . . . . 1 . . . . . 1 1 3 1 . 6 Terrain Destroyed 13 | . . . . . . . . . . . . . 1 . . . . . 1 1 3 1 . 6 Melee 13 | . . . . . . . . . . . . . 1 . . . . . 1 1 3 1 . 6 Projectile . | . . . . . . . . . . . . . . . . . . . . . . . . . AOE . | . . . . . . . . . . . . . . . . . . . . . . . . . Terrain Rammed . | . . . . . . . . . . . . . . . . . . . . . . . . . Walls Destroyed . | . . . . . . . . . . . . . . . . . . . . . . . . . Machines Disabled . | . . . . . . . . . . . . . . . . . . . . . . . . . Actions | -11 -10 -10 -10 -9 -8 -7 -7 -6 -6 -6 -6 -5 -5 -4 -4 -4 -4 -4 -4 -3 -3 -3 -2 -1 --------- Run | Scr Mat Min Exi Min Mat Fac DSF Fac Low Low Zio Pro Fac Fac Was Fac Upp Upp War Pro Res Tes Res Acc Total 11269 | . 143 357 505 147 352 2 146 422 331 397 1132 269 327 134 82 293 368 240 1102 455 643 244 1130 2048 Wait 1442 | . . 46 . 33 73 . 10 8 . 26 109 13 38 7 . 23 62 9 362 35 105 12 87 384 Move 9443 | . 135 307 458 110 262 2 114 396 326 365 1015 249 278 121 81 265 303 230 680 415 529 221 995 1586 Hop 10 | . . . . . 2 . . . . . . 1 . . . 5 1 1 . . . . . . Pick Up 38 | . 2 1 2 4 3 . . 3 1 1 3 . 3 . . . . . . . 1 1 11 2 Fast Attach 74 | . 2 1 . . 2 . 7 7 1 2 . 3 2 3 1 . 1 . 22 2 . 3 9 6 Attach 23 | . . 1 . . 3 . . 1 . 1 . . 2 1 . . . . . . 1 . 3 10 Detach 17 | . 1 . . . 1 . 1 . . . . . . 2 . . . . 5 . . . 6 1 Swap 26 | . 2 . 1 . 2 . . 2 . . . . 1 . . . . . 3 . 2 1 8 4 Drop 93 | . 1 . 2 . 4 . 5 5 3 2 4 3 2 . . . . . 29 2 1 3 11 16 Fire 2 | . . 1 . . . . . . . . . . . . . . . . . . . 1 . . Melee 48 | . . . . . . . . . . . 1 . 1 . . . 1 . 1 1 3 2 . 38 Ram . | . . . . . . . . . . . . . . . . . . . . . . . . . Kick 1 | . . . . . . . . . . . . . . . . . . . . . . . . 1 Crush . | . . . . . . . . . . . . . . . . . . . . . . . . . Escape Stasis 9 | . . . . . . . 8 . . . . . . . . . . . . . 1 . . . Rewire 43 | . . . 42 . . . 1 . . . . . . . . . . . . . . . . . Trap . | . . . . . . . . . . . . . . . . . . . . . . . . . Miscellaneous . | . . . . . . . . . . . . . . . . . . . . . . . . . Route ------- -11/Scrapyard -10/Materials -10/Mines (discovered 2 exits: [*Mat] / *Exi) -10/Exiles -9/Mines -8/Materials -7/Factory -7/DSF -6/Factory -6/Lower Caves -6/Lower Caves (discovered 2 exits: *Fac / *Zio) -6/Zion -5/Proximity Caves -5/Factory (discovered 2 exits: *Fac x2) -4/Factory -4/Waste -4/Factory (discovered 9 exits: Res x4 / *Upp x2 / Ext x2 / Arm) -4/Upper Caves -4/Upper Caves -4/Warlord -3/Proximity Caves -3/Research (discovered 5 exits: Res x3 / *Tes x2) -3/Testing -2/Research -1/Access To Epsilon Eridani History --------- Turn | Location | Event 1 | -11/Scrapyard | Discovered new exit (range 0) 1 | -11/Scrapyard | Entered Materials 122 | -10/Materials | Discovered new exit (range 10) 136 | -10/Materials | Entered Mines 152 | -10/Mines | Joined a pair of Derelicts in attacking an 0b10 outpost 269 | -10/Mines | Discovered new exit (range 11) 314 | -10/Mines | Build established: Mutant 441 | -10/Mines | Received a Rocket Launcher from a helpful Derelict 462 | -10/Mines | Deemed a non-threat by the Exiles lab entrance 462 | -10/Mines | Discovered new exit (range 5) 465 | -10/Mines | Entered Exiles 465 | -10/Exiles | Found Exiles lab destroyed 590 | -10/Exiles | Opened EX-Vault 928 | -10/Exiles | Discovered new exit (range 14) 942 | -10/Exiles | Entered Mines 942 | -9/Mines | Accompanied by 4 allies 945 | -9/Mines | Received a Mining Laser from a helpful Derelict 1014 | -9/Mines | Discovered new exit (range 9) 1095 | -9/Mines | Entered Materials 1095 | -8/Materials | Accompanied by 4 allies 1095 | -8/Materials | Evolved 4 slots: Power x1, Propulsion x3 1096 | -8/Materials | Identified exit to Factory 1264 | -8/Materials | Entered Factory 1264 | -7/Factory | Accompanied by 2 allies 1264 | -7/Factory | Evolved 2 slots: Propulsion x1, Utility x1 1265 | -7/Factory | Identified exit to DSF 1265 | -7/Factory | Entered DSF 1265 | -7/DSF | Accompanied by 2 allies 1295 | -7/DSF | Additional patrols routed to DSF 1318 | -7/DSF | Lost 3 parts (3n) 1338 | -7/DSF | Discovered new exit (range 14) 1345 | -7/DSF | Entered Factory 1345 | -6/Factory | Evolved 2 slots: Utility x2 1561 | -6/Factory | Discovered new exit (range 9) 1569 | -6/Factory | Identified exit to Lower Caves 1572 | -6/Factory | Entered Lower Caves 1705 | -6/Lower Caves | Discovered new exit (range 4) 1707 | -6/Lower Caves | Identified exit to Lower Caves 1707 | -6/Lower Caves | Entered another Lower Caves area 1707 | -6/Lower Caves | Discovered new exit (range 6) 1709 | -6/Lower Caves | Identified exit to Factory 1760 | -6/Lower Caves | Attracted the attention of an 0b10 outpost 1827 | -6/Lower Caves | Build established: Hacker-Scout 1887 | -6/Lower Caves | Discovered new exit (range 5) 1893 | -6/Lower Caves | Identified exit to Zion 1894 | -6/Lower Caves | Entered Zion 1945 | -6/Zion | Discovered new exit (range 10) 2036 | -6/Zion | Gained Derelict followers 2102 | -6/Zion | Learned Factory emergency access door positions 2106 | -6/Zion | Learned location of Warlord (-4) 2113 | -6/Zion | Gained Derelict followers 2136 | -6/Zion | Given the Hacking Drone Bay 2137 | -6/Zion | Found Prototype Device 2150 | -6/Zion | Found Prototype Device 2168 | -6/Zion | Found GAL Module 2348 | -6/Zion | Identified exit to Proximity Caves 2458 | -6/Zion | Entered Proximity Caves 2458 | -5/Proximity Caves | Accompanied by 6 allies 2465 | -5/Proximity Caves | Learned location of 1 exit from Factory 2467 | -5/Proximity Caves | Learned 4 Factory zone layouts 2542 | -5/Proximity Caves | Learned location of Armory (-4) 2555 | -5/Proximity Caves | Attracted the attention of an 0b10 outpost 2567 | -5/Proximity Caves | Discovered exit to Factory (range 13) 2570 | -5/Proximity Caves | Entered Factory 2570 | -5/Factory | Evolved 2 slots: Utility x2 2571 | -5/Factory | Identified exit to Factory 2571 | -5/Factory | Identified Hacking Drone Bay 2656 | -5/Factory | Discovered exit to Factory (range 10) 2696 | -5/Factory | Entered another Factory area 2696 | -4/Factory | Evolved 2 slots: Utility x2 2696 | -4/Factory | Identified Bomb Factory No. 2 2715 | -4/Factory | Found Prototype Processor 2715 | -4/Factory | Identified Exp. Signal Interpreter 2744 | -4/Factory | Sucked down chute 2744 | -4/Factory | Entered Waste 2745 | -4/Waste | Met a frightened Derelict 2750 | -4/Waste | Spotted C-40 Crusher 2754 | -4/Waste | Spotted C-40 Crusher 2754 | -4/Waste | Spotted C-40 Crusher 2755 | -4/Waste | Spotted C-40 Crusher 2760 | -4/Waste | Spotted C-40 Crusher 2760 | -4/Waste | Spotted C-40 Crusher 2765 | -4/Waste | Discovered new exit (range 12) 2768 | -4/Waste | Identified exit to Factory 2769 | -4/Waste | Entered Factory 2777 | -4/Factory | Identified exit to Upper Caves 2777 | -4/Factory | Identified exit to Extension 2777 | -4/Factory | Identified exit to Armory 2807 | -4/Factory | Identified exit to Research 2870 | -4/Factory | Entered Upper Caves 2933 | -4/Upper Caves | Attracted the attention of an 0b10 checkpoint 2995 | -4/Upper Caves | Build established: Hacker-Ninja 3017 | -4/Upper Caves | Discovered new exit (range 19) 3022 | -4/Upper Caves | Identified exit to Upper Caves 3022 | -4/Upper Caves | Entered another Upper Caves area 3061 | -4/Upper Caves | Learned location of 1 exit from Research 3093 | -4/Upper Caves | Discovered new exit (range 7) 3095 | -4/Upper Caves | Identified exit to Warlord 3096 | -4/Upper Caves | Entered Warlord 3137 | -4/Warlord | Found Prototype Special Weapon 3137 | -4/Warlord | Identified RU-N14's Throwing Claymores v3 3171 | -4/Warlord | Found Prototype Device 3171 | -4/Warlord | Identified Wardrone Bay 3409 | -4/Warlord | Visited the Vortex Lab 3419 | -4/Warlord | Warlord's base attacked by MAIN.C 3425 | -4/Warlord | Found Prototype Piercing Weapon 3425 | -4/Warlord | Identified Vortex Lance 3465 | -4/Warlord | Build established: Mutant 3513 | -4/Warlord | Met Warlord 3587 | -4/Warlord | Found Prototype Reactor 3587 | -4/Warlord | Identified Vortex Chain Reactor 3769 | -4/Warlord | Warlord forces counterattacked 3863 | -4/Warlord | Spotted Striker 3879 | -4/Warlord | Spotted Executioner 3901 | -4/Warlord | Spotted Striker 3971 | -4/Warlord | Build established: Scavenger-Mutant 3979 | -4/Warlord | Spotted Striker 4094 | -4/Warlord | Warlord base infiltrated, sounded retreat 4146 | -4/Warlord | Spotted Striker 4198 | -4/Warlord | Spotted Executioner 4216 | -4/Warlord | Discovered new exit (range 14) 4242 | -4/Warlord | Entered Proximity Caves 4515 | -3/Proximity Caves | Attracted the attention of an 0b10 checkpoint 4722 | -3/Proximity Caves | Discovered exit to Research (range 5) 4732 | -3/Proximity Caves | Entered Research 4732 | -3/Research | Evolved 2 slots: Utility x2 4733 | -3/Research | Identified exit to Testing 4926 | -3/Research | Spotted B-86 Titan 4986 | -3/Research | Spotted B-86 Titan 5404 | -3/Research | Identified exit to Research 5444 | -3/Research | Entered Testing 5511 | -3/Testing | Garrison activated, responded to threat 5532 | -3/Testing | Spotted PP-LE0EBV318N 5544 | -3/Testing | Allies destroyed PP-LE0EBV318N 5563 | -3/Testing | Found Prototype Special Weapon 5563 | -3/Testing | Identified Gui. Remote Datajack 5642 | -3/Testing | Spotted Striker 5642 | -3/Testing | Spotted Striker 5683 | -3/Testing | Discovered exit to Research (range 15) 5722 | -3/Testing | Entered Research 5722 | -2/Research | Warlord forces began assault on 0b10 5722 | -2/Research | Evolved 2 slots: Utility x2 5827 | -2/Research | Spotted B-90 Cyclops 5832 | -2/Research | Research machine network offline 5852 | -2/Research | Spotted B-90 Cyclops 5859 | -2/Research | Allies destroyed B-90 Cyclops 6194 | -2/Research | Spotted Striker 6199 | -2/Research | Allies destroyed Striker 6203 | -2/Research | Spotted Executioner 6206 | -2/Research | Allies destroyed Executioner 6217 | -2/Research | Spotted Striker 6254 | -2/Research | Spotted Striker 6260 | -2/Research | Spotted Striker 6262 | -2/Research | Borebot progress halted 6267 | -2/Research | Borebot progress halted 6271 | -2/Research | Allies destroyed Striker 6276 | -2/Research | Allies destroyed Striker 6357 | -2/Research | Spotted Executioner 6366 | -2/Research | Spotted Striker 6373 | -2/Research | Allies destroyed Striker 6413 | -2/Research | Met up with Warlord 6653 | -2/Research | Spotted Striker 6662 | -2/Research | Spotted Striker 6667 | -2/Research | Spotted Striker 6694 | -2/Research | Spotted Executioner 6696 | -2/Research | Spotted Executioner 6698 | -2/Research | Allies destroyed Executioner 6700 | -2/Research | Allies destroyed Executioner 6798 | -2/Research | Borebot progress halted 6894 | -2/Research | Spotted Striker 6900 | -2/Research | Spotted Executioner 6902 | -2/Research | Allies destroyed Striker 6946 | -2/Research | Discovered new exit (range 9) 6957 | -2/Research | Entered Access 6957 | -1/Access | Accompanied by 1 ally 6957 | -1/Access | Evolved 2 slots: Utility x2 7014 | -1/Access | Build established: Mutant 7207 | -1/Access | First assault squad dispatched 7210 | -1/Access | Energy Cycler disabled 7844 | -1/Access | Garrison activated, responded to threat 7887 | -1/Access | Spotted B-99 Colossus 7894 | -1/Access | Allies destroyed B-99 Colossus 7899 | -1/Access | Found Hvy. Reflective Plating 8191 | -1/Access | Build established: Scavenger-Mutant 8836 | -1/Access | System corruption reached 10% 8932 | -1/Access | Spotted B-99 Colossus 8933 | -1/Access | Spotted B-99 Colossus 8949 | -1/Access | Core integrity fell below 50% 8982 | -1/Access | Lost 12 parts (1p6n4u1w) 9011 | -1/Access | Discovered new exit (range 5) 9015 | *** | Escaped! Last Messages --------------- 08951_ Slug penetrates Sealed Heavy Doors. 08951_ Slug penetrates P-80 Master. 08951_ Slug penetrates Sealed Heavy Doors. 08954_ Slug penetrates P-80 Master. 08956_ B-99 Colossus exits siege mode. 08957_ ALERT: Significant disruption in Zone 7N, multiple assault carriers dispatched. 08964_ Slug penetrates Sealed Heavy Doors. 08966_ System corrupted: Matter fused (-7). 08978_ Slug penetrates Sealed Heavy Doors. 08981_ System corrupted: Component data lost. 08998_ Slug penetrates Sealed Heavy Doors. 08999_ Bomb Factory No. 2 destroyed. 09005_ 6VCD,HK&U2GZ, #0QFUREWQDZ 09005_ Biometal Leg destroyed. 09009_ Slug penetrates Sealed Heavy Doors. 09011_ Main Access Shell breached. 09011_ EXIT=FOUND 09013_ Plasma Lance destroyed. [Achievement: Pacifist] Map ----- +----------------------------------------------------+ | ?????????????????????????????????????????????????? | | ?????????????????????????????????????????????????? | | ?????????????????????????????????????????????????? | | ?????????????????????????????????????????????????? | | ?????????????????????????????????????????????????? | | ?????????????????????????????????????????????????? | | ?????????????????????????????????????????????????? | | ?????????????????????????????????????????????????? | | ?????????????????????????????????????????????????? | | ?????????????????????????????????????????????????? | | ?????????????????????????????????????????????????? | | ?????????????????????????????????????????????????? | | ?????????????????????????????????????????????????? | | ?????????????????????????????????????????????????? | | ?????????????????????????????????????????????????? | | ?????????????????????????????????????????????????? | | ?????????????????????????????????????????????????? | | ?????????????????????????????????????????????????? | | ?????????????????????????????????????????????????? | | ?????????????????????????######??#########???????? | | ?????????????????????????? "??" #???????? | | ??????????????????????????? "??" #???????? | | ???????????????????????"""""" """" ######### | | ???????????????????????" "hpC"" | | ???????????????????????" "" "" "%% | | ???????????????????????" @" " """ | | ???????????????????????" " "?"" % % | | ???????????????????????"""""" "??" ""####"## | | ???????????????????????????? "??" % # #??###? | | ???????????????????????????? "??" #?#?????? | | ????????????????????????????###??#########???????? | | ?????????????????????????????????????????????????? | | ???????????????????????????????###########???????? | | ???????????????????????????????# !/ # ?????? | | ???????????????????????????????# !/ # ???? | | ???????????????????????????????# # ?? | | ???????????????????????????????# # | | ???????????????????????????????######+##+# ! | | ????????????????????????????????????# # | | ????????????????????????????????????# # ?? | | ????????????????????????????????????# # ???? | | ???????????????????????############## # ?????? | | ???????????????????????# # ######### | | ???????????????????????# # ## | | ???????????????????????# + ## | | ???????????????????????# = # ## = | | ???????????????????????# # ## | | ???????????????????????# + ## | | ???????????????????????# " # ## | | ???????????????????????# """ # ## | +----------------------------------------------------+ Best States ------------- Heat Dissipation 71 Coolant Potential 100 Energy Generation 55 Energy Capacity 700 Matter Stores 300 Matter Capacity 300 Sight Range 20 Robot Scan Range 14 Terrain Scan Range 16 Terrain Scan Density 10 Jamming Range 16 Armor Coverage 600 Resistance: TH 25 Point Defense Rating 80 Phase Shifting 15 Evasion (%) 72 Offensive Hacking 10 Defensive Hacking 14 Item Schematics ----------------- Flight Unit | -10/Materials | Hacked Imp. Arc Projector | -6/Zion | Archive 0b10 Decoder Chip [Scout] | -6/Zion | Archive Imp. Shock Absorption System | -6/Zion | Archive Imp. Reaction Control System | -6/Zion | Archive Hvy. Phase Cannon | -6/Zion | Archive 0b10 Decoder Chip [Skirmisher] | -6/Zion | Archive Matter Neutralizer | -6/Zion | Archive Disruptor Cannon | -6/Zion | Archive Fission Core | -6/Zion | Archive Phase Shifter | -6/Zion | Archive Imp. Coolant Injector | -6/Zion | Archive Enh. Optical Array | -6/Zion | Archive Field Propulsion Drive | -6/Zion | Archive Coil Gun | -6/Zion | Archive Adv. Actuator Array | -6/Zion | Archive Robot Schematics ------------------ X-77 Beamer | -6/Zion | Archive K-01 Serf | -6/Zion | Archive L-41 Fighter | -6/Zion | Archive R-06 Scavenger | -6/Zion | Archive Fabricated ------------ Nothing Alien Tech Used ----------------- None Achievements -------------- Pacifist Challenges ------------ None Game ------ Seed SpreadHugeReplicator Manual? 0 Play Time 01:59:38 Cumulative 439.5 hours Start 2022.08.01 @ 14:09:07 End 2022.08.01 @ 16:46:06 Sessions 1 Manual Loads 0 Difficulty Rogue Special Mode None Game No. 490 Rogue 489 Adventurer 0 Explorer 1 Win Type 0 Total 13 Types 9/0/2/2/0/0/0/0/0 Lore% 78 Gallery% 88 Achievement% 67 Wizard Run 0 Options --------- ASCII 0 Keyboard 1 Movement Vi Keybinds 0 Fullscreen 1 Font 18/SmallcapsGlow Map View 76x50 Tactical HUD 1 Map Filters NONE Filters NONE Steam 1 RUN: e12b85be-faa5-4071-8a70-1d9237599e7e